 Dungeon Crawl Stone Soup version 0.31.0-12-g77e489cdc1 (webtiles) character file.

Game seed: 7053920128390398322

1502 NotreDorf the Thaumaturge (level 8, -9/52 HPs)
             Began as a Mummy Necromancer on Feb 11, 2024.
             Was a Follower of Ashenzari.
             Mangled by Prince Ribbit (13 damage)
             ... on level 6 of the Dungeon on Feb 12, 2024.
             The game lasted 00:29:13 (5609 turns).

NotreDorf the Thaumaturge (Mummy Necromancer)       Turns: 5609, Time: 00:29:17

Health: -9/52      AC:  6    Str: 21    XL:     8   Next: 52%
Magic:  9/21       EV: 13    Int: 17    God:    Ashenzari [*.....]
Gold:   289        SH:  0    Dex: 16    Spells: 12/25 levels left

rFire   . . .        f - +2 short sword (flame)
rCold   + . .        (no shield)
rNeg    + + +        i - +2 leather armour "Shackled Together" {rF+ Str+4, Fort, Range} (curse)
rPois   ∞            (no helmet)
rElec   .            (no cloak)
rCorr   .            a - +0 pair of gloves
SInv    .            (no boots)
Will    +....        (no amulet)
Stlth   ++           c - ring of the Enigmatic Comet {Str+6 Dex+4, Cun, Comp} (curse)
HPRegen 0.28/turn    (no ring)
MPRegen 0.17/turn

%: faith
@: no status effects
A: cold resistance 1, negative energy resistance 3, torment resistance 2, heat
vulnerability 1, in touch with death 1, no potions, faith
a: Renounce Religion, Curse Item, Shatter the Chains


You were on level 6 of the Dungeon.
You worshipped Ashenzari.
Ashenzari was aware of your devotion.
You visited 2 branches of the dungeon, and saw 7 of its levels.
You also visited: Sewer.

You collected 289 gold pieces.

Inventory:

Hand Weapons
 f - a +2 short sword of flaming (weapon)
Armour
 a - a +0 pair of gloves (worn)
 i - the cursed +2 leather armour "Shackled Together" (worn) {rF+ Str+4, Fort, Range}
   (You found it on level 3 of the Dungeon)

   Str+4:     It affects your strength (+4).
   rF+:       It protects you from fire.
   It has a curse which improves the following skills: Fortitude: Armour and
   Shields.
   Ranged Combat: Ranged Weapons and Throwing.
 j - +0 acid dragon scales
Jewellery
 c - the cursed ring of the Enigmatic Comet (left hand) {Str+6 Dex+4, Cun, Comp}
   (You found it on level 2 of the Dungeon)

   [ring of strength]

   Str+6:     It affects your strength (+6).
   Dex+4:     It affects your dexterity (+4).
   It has a curse which improves the following skills: Cunning: Dodging and
   Stealth.
   Companions: Summonings and Necromancy.
Wands
 e - a wand of digging (5)
Scrolls
 d - a scroll of brand weapon
 g - 6 scrolls of identify
 h - 2 scrolls of amnesia


   Skills:
 + Level 2.8(3.5) Dodging
 - Level 1.5(2.1) Stealth
 + Level 9.1 Spellcasting
 + Level 8.3(9.1) Necromancy


You had 12 spell levels left.
You knew the following spells:

 Your Spells              Type           Power      Damage    Failure   Level
a - Necrotise             Necr           100%       1d9       1%          1
b - Vampiric Draining     Necr           55%        2d9       1%          3
c - Curse of Agony        Necr           55%        N/A       7%          5
d - Animate Dead          Necr           55%        N/A       2%          4

Your spell library contained the following spells:

 Spells                   Type           Power      Damage    Failure   Level
 Summon Small Mammal      Summ           32%        N/A       11%         1
 Call Canine Familiar     Summ           8%         N/A       30%         3
 Ozocubu's Armour         Ice            7%         N/A       32%         3
 Summon Blazeheart Golem  Fire/Summ      7%         N/A       71%         4
 Metabolic Englaciation   Hex/Ice        3%         N/A       96%         5
 Sculpt Simulacrum        Ice/Alch       3%         N/A       100%        6


Dungeon Overview and Level Annotations

Branches:
Dungeon (6/15)             Temple (1/1) D:4           Sewer (visited)

Altars:
Ashenzari
Cheibriados
Dithmenos
Gozag
Kikubaaqudgha
Nemelex Xobeh
Okawaru
Ru
Sif Muna
Trog
Vehumet
Wu Jian

Shops:
D:2 (   D:5 *   D:6 !

Annotations:
D:6 Prince Ribbit


Innate Abilities, Weirdness & Mutations

You are immune to poison.
Your flesh is cold resistant. (rC+)
You are immune to negative energy. (rN+++)
You are immune to unholy pain and torment.
You are vulnerable to heat. (rF-)
You are in touch with the powers of death.
You do not drink.
You have a special connection with the divine. (Faith)


Message History

Something hits your gnoll skeleton!!
Your gnoll skeleton is destroyed!
The gnoll barely misses you.
Casting: Necrotise (safe; 1% risk of failure)
Confirm with . or Enter, or press ? or * to list all spells.
Aiming: Necrotise (safe; 1% risk of failure)
Press: ? - help, Shift-Dir - straight line, f/p - gnoll
Aim: a gnoll, wielding a +0 whip (almost dead, ally target, chance to affect: 88%)
You feel a surge of power!
The gnoll writhes in agony.
You kill the gnoll!
The dead are walking!
Your gnoll skeleton hits Prince Ribbit.
What are your orders? t - Shout!
Orders for allies: a - Attack new target. r - Retreat! s - Stop attacking. g - Guard the area. f - Follow me.
Anything else - Cancel.
Gang up on whom?
Press: ? - help, Dir - move target, f - Prince Ribbit
Aim: Prince Ribbit (lightly wounded, ally target) Attack!
Your gnoll skeleton closely misses Prince Ribbit.
Prince Ribbit hits you!
You barely miss Prince Ribbit.
Prince Ribbit is lightly wounded.
Prince Ribbit hits you!
Your gnoll skeleton barely misses Prince Ribbit.
You barely miss Prince Ribbit.
Prince Ribbit is lightly wounded.
Prince Ribbit lets out a mournful croak.
Prince Ribbit hits you.
Your gnoll skeleton barely misses Prince Ribbit.
You hit Prince Ribbit. You burn Prince Ribbit.
Prince Ribbit is moderately wounded.
Prince Ribbit hits you!
* * * LOW HITPOINT WARNING * * *
Your gnoll skeleton hits Prince Ribbit.
Your gnoll skeleton closely misses Prince Ribbit.
Prince Ribbit hits you!
You die...

#...!.... ....... ......
.... .>. ..#####)##
.......ZF# ####Z@#
#.....# #### ###.##.##
### ...# .. #.# #.#
...###.# ###.##.## #.#
...#.#.#.#.......# #.#
...#.#.#.#.#.##..# ##.#
...#.............####..#
####
...#.#.#.#.####........#
#..#


You could see Prince Ribbit (ally target) and 2 friendly gnoll skeletons.

Vanquished Creatures
  Maggie (D:6)
  The ghost of raguz the Ruffian, an amateur NaWr (D:3)
  An ogre (D:6)
  Blork the orc (D:5)
  3 scorpions (D:5)
  3 howler monkeys (D:4)
  A bombardier beetle (D:5)
  A gnoll bouda (D:5)
  2 jellies (Sewer)
  4 iguanas
  6 orc wizards
  4 adders
  8 gnolls
  3 river rats
  A white imp (D:6)
  2 ufetubi (D:5)
  2 ribbon worms (D:3)
  A dart slug (D:2)
  11 orcs
  6 bats
  13 endoplasms
  7 giant cockroaches
  14 goblins
  5 hobgoblins
  10 kobolds
  A quokka (D:1)
  10 ball pythons
  8 frilled lizards
  7 rats
137 creatures vanquished.

Vanquished Creatures (collateral kills)
  An orc (D:4)
  3 endoplasms
  2 giant cockroaches
  A hobgoblin (D:1)
  A kobold (D:3)
  A ball python (D:3)
  A frilled lizard (D:1)
  2 rats (D:1)
12 creatures vanquished.

Vanquished Creatures (others)
  An arcanist (D:5)
1 creature vanquished.

Grand Total: 150 creatures vanquished

Notes
Turn   | Place    | Note
-------+----------+-------------------------------------------
     0 | D:1      | NotreDorf the Mummy Necromancer began the quest for the
                  | Orb.
     0 | D:1      | Reached XP level 1. HP: 13/13 MP: 4/4
    44 | D:1      | Reached skill level 3 in Spellcasting
    78 | D:1      | Reached XP level 2. HP: 19/19 MP: 4/6
   221 | D:1      | Reached XP level 3. HP: 24/24 MP: 1/8
   272 | D:1      | Found a faded altar of an unknown god.
   528 | D:1      | Learned a level 3 spell: Vampiric Draining
   566 | D:2      | Identified the ring of Trepidation {Str+6 Dex+4}
   831 | D:2      | Reached skill level 4 in Spellcasting
   836 | D:2      | Found Zuobaen's Weapon Emporium.
  1342 | D:3      | Identified the +2 leather armour "Gisufip" {rF+ Str+4}
  1412 | D:3      | Reached XP level 4. HP: 22/30 MP: 2/10
  1416 | D:3      | Reached skill level 5 in Necromancy
  1845 | D:3      | Found a sparkling altar of Nemelex Xobeh.
  1865 | D:3      | Found a shimmering blue altar of Sif Muna.
  1935 | D:3      | Found a runed translucent door.
  1940 | D:3      | Noticed raguz's ghost (amateur NaWr)
  1953 | D:3      | Killed raguz's ghost
  1954 | D:3      | Reached skill level 5 in Spellcasting
  1954 | D:3      | Reached XP level 5. HP: 26/35 MP: 10/12
  2442 | D:4      | Reached XP level 6. HP: 19/41 MP: 4/14
  2444 | D:4      | HP: 1/41 [orc wizard/puff of flame (9)]
  2623 | D:4      | Reached skill level 6 in Spellcasting
  2698 | D:4      | Found a staircase to the Ecumenical Temple.
  2706 | Temple   | Entered the Ecumenical Temple
  2734 | Temple   | Became a worshipper of Ashenzari the Shackled
  3051 | D:4      | Found Dugekotz's Weapon Boutique.
  3382 | D:4      | Learned a level 5 spell: Curse of Agony
  3404 | D:5      | Entered Level 5 of the Dungeon
  3404 | D:5      | Found a glowing drain.
  3421 | D:5      | Reached XP level 7. HP: 46/46 MP: 13/17
  3428 | D:5      | Reached skill level 7 in Spellcasting
  3493 | Sewer    | Entered a sewer
  3669 | Sewer    | Found a viscous altar of Jiyva.
  3877 | D:5      | Noticed Blork the orc
  3885 | D:5      | Killed Blork the orc
  3923 | D:5      | Found an opulent altar of Gozag.
  3928 | D:5      | Found Gozag's Platinum Reserve.
  3935 | D:5      | Reached skill level 8 in Spellcasting
  4074 | D:5      | HP: 1/46 [gnoll/+0 spear[a gnoll bouda] (5)]
  4455 | D:5      | Reached * piety under Ashenzari
  4672 | D:5      | Reached XP level 8. HP: 52/52 MP: 17/20
  4739 | D:5      | Found a bloodstained altar of Trog.
  4748 | D:5      | Noticed a wizard
  4750 | D:5      | Killed a wizard
  4903 | D:5      | Found an ancient bone altar of Kikubaaqudgha.
  5074 | D:5      | Learned a level 4 spell: Animate Dead
  5291 | D:6      | Found Oheeneri's Distillery.
  5303 | D:6      | Noticed Maggie
  5315 | D:6      | Killed Maggie
  5316 | D:6      | Reached skill level 9 in Spellcasting
  5588 | D:6      | Noticed Prince Ribbit
  5609 | D:6      | Mangled by Prince Ribbit

Illustrated notes

Levels and vault maps discovered:
D:1:      mainiacjoe_arrival_reflecting_pool, layout_rooms,
          hellmonk_ecumenical_altar_lost_god, minmay_cut_off
D:2:      layout_basic, serial_shops, shop, nicolae_kite_square_tiling_tiny
D:3:      layout_loops_ring, lemuel_tele_altar, mainiacjoe_overflow_boulevard,
          ebering_ghost_reflecting_pool
D:4:      layout_cave_pools, temple_green, serial_shops,
          nicolae_shop_back_alley_shop, corexii_corridor_pit, hex_large
D:5:      layout_cave_pods, kennysheep_little_box,
          nicolae_gozag_zags_fifth_avenue, trog_wizard,
          cheibrodos_sewer_entry_sluice, kennysheep_windowed_goal,
          uniq_blork_the_orc
D:6:      layout_basic, serial_shops, shop, nicolae_shop_real_fake_doors, shop,
          shop, uniq_maggie, uniq_prince_ribbit1
Temple:   hellmonk_temple_rainy

Skill      XL: |  1  2  3  4  5  6  7  8 |
---------------+-------------------------+-----
Spellcasting   | 3 4 5 6 8 9 |  9.1
Necromancy     | 5 6 7 8 |  8.3
Dodging        | 2 |  2.8
Stealth        | |  1.5

Action                     |  1- 3 |  4- 6 |  7- 9 || total
---------------------------+-------+-------+-------++-------
  Melee: Dagger            |    27 |       |       ||    27
         Short sword       |    11 |    24 |    65 ||   100
         Punch             |       |       |     2 ||     2
   Cast: Necrotise         |    57 |    99 |   105 ||   261
         Vampiric Draining |       |       |     5 ||     5
         Curse of Agony    |       |       |     3 ||     3
 Invoke: Curse Item        |       |       |     2 ||     2
    Use: Scroll            |       |       |     2 ||     2
   Stab: Sleeping          |     1 |       |       ||     1
         Distracted        |       |     1 |       ||     1
 Armour: Robe              |    14 |       |       ||    14
         Leather armour    |     8 |    29 |    65 ||   102
  Dodge: Dodged            |    36 |    24 |    74 ||   134
